 Dungeon Crawl Stone Soup version 0.23.2-1-ga50397a (webtiles) character file.

Game seed: 14272456534765337485

22428 MalarOregon the Grappler (level 13, -10/115 HPs)
             Began as a Ghoul Gladiator on May 31, 2019.
             Was a High Priest of Makhleb.
             Mangled by a blink frog (13 damage)
             ... on level 3 of the Lair of Beasts.
             The game lasted 00:37:31 (17547 turns).

MalarOregon the Grappler (Ghoul Gladiator)         Turns: 17547, Time: 00:37:31

Health: -10/115    AC: 13    Str: 19    XL:     13   Next: 0%
Magic:  0/19       EV:  8    Int:  7    God:    Makhleb [*****.]
Gold:   422        SH:  0    Dex: 10    Spells: 10/12 levels left

rFire    + + .     SeeInvis .     - Unarmed
rCold    + . .     Gourm    .   (no shield)
rNeg     + + +     Faith    .   E - +3 chain mail "Zaacseir" {rElec rF+ Stlth+}
rPois    ∞         Spirit   +   p - +1 helmet
rElec    +         Reflect  .   r - scarf {Spirit}
rCorr    .         Harm     .   (no gloves)
MR       .....                  (no boots)
Stlth    +++.......             (no amulet)
HPRegen  0.00/turn              i - ring of protection from fire
MPRegen  0.16/turn              (no ring)

@: about to teleport, rotting
A: rotting body, claws 1, carnivore, cold resistance 1, negative energy
resistance 3, inhibited regeneration, torment resistance, unbreathing
a: Minor Destruction, Lesser Servant of Makhleb, Major Destruction, Greater
Servant of Makhleb, Renounce Religion


You were on level 3 of the Lair of Beasts.
You worshipped Makhleb.
Makhleb was extremely pleased with you.
You were not hungry.

You visited 3 branches of the dungeon, and saw 16 of its levels.

You collected 820 gold pieces.
You spent 398 gold pieces at shops.

Inventory:

Hand Weapons
 b - a +1 blowgun
   (You found it on level 3 of the Dungeon)
Missiles
 s - 2 throwing nets (quivered) {!f}
 K - 57 poisoned needles
Armour
 p - a +1 helmet (worn)
 r - a scarf of spirit shield (worn)
   (You found it on level 3 of the Dungeon)
 E - the +3 chain mail "Zaacseir" (worn) {rElec rF+ Stlth+}
   (You found it on level 4 of the Dungeon)

   It protects you from fire.
   It insulates you from electricity.
   It makes you more stealthy.
Jewellery
 i - a ring of protection from fire (left claw)
   (You found it on level 4 of the Dungeon)
 q - an uncursed ring of ice
   (You found it on level 6 of the Dungeon)
Wands
 c - a wand of disintegration (9)
   (You found it on level 3 of the Dungeon)
 d - a wand of iceblast (12)
   (You bought it in a shop on level 7 of the Dungeon)
 n - a wand of polymorph (15)
   (You bought it in a shop on level 7 of the Dungeon)
 t - a wand of flame (1)
   (You bought it in a shop on level 7 of the Dungeon)
 u - a wand of paralysis (18)
   (You bought it in a shop on level 7 of the Dungeon)
 v - a wand of digging (6)
   (You found it on level 1 of the Lair of Beasts)
 x - a wand of acid (7)
   (You found it on level 11 of the Dungeon)
 y - a wand of clouds (1)
   (You took it off a gnoll shaman on level 8 of the Dungeon)
 J - a wand of scattershot (5)
   (You found it on level 11 of the Dungeon)
Scrolls
 j - 3 scrolls of enchant weapon
 k - 4 scrolls of magic mapping
 l - 3 scrolls of enchant armour
 m - 4 scrolls of identify {@r1}
 B - 5 scrolls of remove curse {@r2}
 C - 2 scrolls of noise {!r}
 H - a scroll of teleportation {@r4}
Potions
 a - a potion of berserk rage
 f - 4 potions of curing {@q1}
 h - a potion of haste {@q3}
 o - 3 potions of brilliance
 w - a potion of invisibility
 z - 2 potions of cancellation
 A - 2 potions of flight
 D - 2 potions of might
 F - a potion of heal wounds {@q2}
 G - 2 potions of resistance
Miscellaneous
 I - a lamp of fire (inert)
   (You found it on level 11 of the Dungeon)
Comestibles
 e - 31 rations {!d}
 g - 10 chunks of flesh


   Skills:
 + Level 10.8 Fighting
 - Level 1.7 Throwing
 - Level 2.6 Dodging
 + Level 11.4 Stealth
 * Level 14.7 Unarmed Combat
 + Level 9.9 Invocations


You had 10 spell levels left.
You knew the following spells:

 Your Spells              Type           Power        Failure   Level  Hunger
s - Sticks to Snakes      Tmut           #.......     100%        2    ###....

Your spell library contained the following spells:

 Spells                   Type           Power        Failure   Level  Hunger
 Corona                   Hex            #......      100%        1    ##.....
 Ensorcelled Hibernation  Hex/Ice        #.....       100%        2    ###....
 Confuse                  Hex            #.......     100%        3    ####...
 Dazzling Spray           Conj/Hex       #.....       100%        3    ####...
 Tukima's Dance           Hex            #.......     100%        3    ####...
 Beastly Appendage        Tmut           Unusable     N/A         1    N/A
 Spider Form              Tmut/Pois      Unusable     N/A         3    N/A
 Ice Form                 Ice/Tmut       Unusable     N/A         4    N/A
 Blade Hands              Tmut           Unusable     N/A         5    N/A

Dungeon Overview and Level Annotations

Branches:
Dungeon (12/15)            Temple (1/1) D:5            Lair (3/6) D:8
  Swamp (0/4) Lair:3       Spider (0/4) Lair:2          Orc (0/2) D:9

Altars:
Ashenzari
Cheibriados
Dithmenos
Elyvilon
Fedhas
Gozag
Hepliaklqana
Kikubaaqudgha
Makhleb
Nemelex Xobeh
Okawaru
Qazlal
Ru
Sif Muna
Trog
Uskayaw
Vehumet
Wu Jian
Xom
Yredelemnul
Zin
The Shining One

Shops:
D:7 (}}

Portals:
Trove: D:11 (give +3 gold dragon scales)

Annotations:
D:1 exclusion: downstairs
D:10 Joseph
D:12 Erolcha


Innate Abilities, Weirdness & Mutations

Your body is rotting away.
You thrive on raw meat.
You are immune to poison.
You have sharp fingernails.
You are carnivorous and can eat meat at any time.
Your flesh is cold resistant. (rC+)
You are immune to negative energy. (rN+++)
You do not regenerate when monsters are visible.
You are immune to unholy pain and torment.
You can survive without breathing.


Message History

The blink frog barely misses you.
Eat one of 13 chunks of flesh? (ye/n/q)
You eat one of the 13 chunks of flesh.
This raw flesh tastes great!
The blink frog hits you!
* * * LOW HITPOINT WARNING * * *
The blink frog blinks!
The blink frog hits you.
* * * LOW HITPOINT WARNING * * *
The blink frog blinks!
The blink frog barely misses you.
The blink frog blinks!
The rime drake hisses angrily.
Aim the lamp in which direction?
Aim: a komodo dragon (translocational energy)
The trail of fire hits the komodo dragon!
The trail of fire hits the bush but does no damage.
The bush is engulfed in blazing flames.
The blink frog blinks! x2
The komodo dragon bites you!!
* * * LOW HITPOINT WARNING * * *
The blink frog hits you but does no damage.
Eat one of 12 chunks of flesh? (ye/n/q)
You eat one of the 12 chunks of flesh.
This raw flesh tastes great!
The blink frog blinks!
The rime drake is engulfed in blazing flames.
The blink frog hits you!
* * * LOW HITPOINT WARNING * * *
The blink frog blinks!
The komodo dragon closely misses you.
Eat one of 11 chunks of flesh? (ye/n/q)
You eat one of the 11 chunks of flesh.
This raw flesh tastes great!
The bush is engulfed in blazing flames.
The rime drake is engulfed in blazing flames.
The komodo dragon bites you!!
* * * LOW HITPOINT WARNING * * *
The rime drake is engulfed in blazing flames.
The blink frog blinks! x2; The blink frog hits you.
* * * LOW HITPOINT WARNING * * *
The rime drake is engulfed in blazing flames.
You kill the rime drake!
Makhleb accepts your kill.
You feel better.
You have reached level 13!
The blink frog closely misses you. The blink frog hits you!
* * * LOW HITPOINT WARNING * * *
The blink frog hits you but does no damage.
Found 10 gold pieces.
As you read the scroll of teleportation {@r4}, it crumbles to dust.
You feel strangely unstable. The blink frog hits you!
* * * LOW HITPOINT WARNING * * *
The blink frog hits you!
* * * LOW HITPOINT WARNING * * *
The blink frog barely misses you. The komodo dragon barely misses you.
The blink frog hits you!
You die...

..... . #.P #$..## #
... .....##.#?.#≈.
..P.......≈
#...#...≈≈≈ $. ###
#..##..≈≈≈≈
....#..####..P#..≈≈≈≈
......FFF.%†....≈≈≈≈≈
###.#@l###.P..≈≈≈≈≈
#### #....≈≈≈≈≈
##.P#..≈≈≈≈≈≈≈
#..##...≈≈≈≈≈≈
##....≈≈≈≈≈≈≈≈ ##
##.#.##≈...≈≈≈
####.###...## ##...
....<.......# ##....
..........##.###.....


You could see a komodo dragon and 3 blink frogs.

Vanquished Creatures
  A hydra (D:8)
  4 two-headed ogres
  An unseen horror (D:10)
  A manticore (D:11)
  4 elephants (Lair:2)
  2 black mambas
  5 spiny frogs
  A rime drake (Lair:3)
  2 komodo dragons (Lair:1)
  A jumping spider (Lair:2)
  2 trolls
  3 hornets
  3 hippogriffs
  A redback (Lair:2)
  A wyvern (Lair:3)
  14 yaks
  A wraith (D:11)
  3 hogs (D:7)
  A human (D:7)
  8 vampire mosquitoes
  2 basilisks
  A water moccasin (Lair:2)
  2 porcupines
  7 orc warriors
  4 ice beasts
  2 black bears
  2 phantoms
  7 sky beasts
  5 ogres
  A necrophage (D:8)
  11 wolves
  A centaur (D:5)
  A crocodile (Lair:1)
  2 big kobolds
  4 bullfrogs
  2 scorpions (D:11)
  20 killer bees
  19 wights
  4 howler monkeys
  3 electric eels
  8 crimson imps
  3 bullfrog skeletons
  2 jellies
  2 centaur skeletons (D:10)
  A gnoll shaman (D:8)
  7 orc priests
  9 hounds
  11 orc wizards
  2 iguanas
  2 hell rats (Lair:2)
  4 worker ants
  A hound zombie (D:8)
  3 gnolls
  10 river rats (Lair:2)
  8 adders
  5 shadow imps
  2 adder zombies
  4 worms
  4 dart slugs
  5 leopard geckos
  37 orcs
  A ball python (D:1)
  3 giant cockroaches
  11 goblins
  7 hobgoblins
  3 jackals (D:2)
  6 quokkas
  2 bats
  3 frilled lizards
  3 jackal skeletons
  10 kobolds
  A quokka zombie (D:7)
  9 rats
348 creatures vanquished.

Vanquished Creatures (others)
  An orc (D:12)
  2 fungi (Lair:2)
  6 plants
9 creatures vanquished.

Grand Total: 357 creatures vanquished

Notes
Turn   | Place    | Note
-------+----------+-------------------------------------------
     0 | D:1      | MalarOregon the Ghoul Gladiator began the quest for the
                  | Orb.
     0 | D:1      | Reached XP level 1. HP: 17/17 MP: 0/0
   262 | D:1      | Reached XP level 2. HP: 20/25 MP: 1/1
   292 | D:1      | Reached skill level 1 in Stealth
   879 | D:1      | Reached skill level 4 in Unarmed Combat
   879 | D:1      | Reached XP level 3. HP: 21/30 MP: 2/2
  1218 | D:2      | Reached XP level 4. HP: 26/37 MP: 3/3
  1711 | D:3      | Found a snail-covered altar of Cheibriados.
  2057 | D:3      | Reached XP level 5. HP: 45/45 MP: 4/4
  2287 | D:3      | Learned a level 2 spell: Sticks to Snakes
  2706 | D:4      | Reached skill level 5 in Unarmed Combat
  3034 | D:4      | Got a pitted chain mail
  3086 | D:4      | Noticed a sky beast
  3106 | D:4      | Reached XP level 6. HP: 52/52 MP: 5/5
  3129 | D:4      | Killed a sky beast
  3380 | D:5      | Entered Level 5 of the Dungeon
  3457 | D:5      | Noticed a phantom
  3458 | D:5      | Noticed a phantom
  3880 | D:5      | Reached skill level 6 in Unarmed Combat
  4063 | D:5      | Reached XP level 7. HP: 56/59 MP: 6/6
  4111 | D:5      | Found a shimmering altar of Xom.
  4216 | D:5      | Found a staircase to the Ecumenical Temple.
  4257 | Temple   | Entered the Ecumenical Temple
  4285 | Temple   | Became a worshipper of Makhleb the Destroyer
  5093 | D:5      | Reached skill level 1 in Invocations
  5279 | D:6      | Reached skill level 7 in Unarmed Combat
  5435 | D:6      | Identified the +3 chain mail "Zaacseir" {rElec rF+ Stlth+}
                  | (You found it on level 4 of the Dungeon)
  5658 | D:6      | Noticed a hornet
  5662 | D:6      | Killed a hornet
  5662 | D:6      | Reached skill level 5 in Fighting
  5662 | D:6      | Reached XP level 8. HP: 67/67 MP: 8/8
  5686 | D:6      | Reached skill level 5 in Stealth
  6041 | D:6      | Found a stormy altar of Qazlal.
  6135 | D:7      | Found Nevoetir's Gadget Emporium.
  6234 | D:5      | Reached skill level 8 in Unarmed Combat
  6322 | D:4      | Reached * piety under Makhleb
  6448 | D:7      | Bought a wand of polymorph (4) for 84 gold pieces
  6448 | D:7      | Bought a wand of paralysis (2) for 56 gold pieces
  6448 | D:7      | Bought a wand of polymorph (7) for 126 gold pieces
  6468 | D:7      | Found a blossoming altar of Fedhas.
  6472 | D:7      | Found an ornate altar of the Wu Jian Council.
  6473 | D:7      | Found a shattered altar of Ashenzari.
  6478 | D:7      | Found Wabot's Antique Weapon Emporium.
  6758 | D:7      | Found Zaheqov's Gadget Shop.
  7480 | D:7      | Bought a wand of flame (6) for 48 gold pieces
  7480 | D:7      | Bought a wand of iceblast (3) for 84 gold pieces
  7585 | D:7      | Noticed a yak
  7598 | D:7      | Reached XP level 9. HP: 68/69 MP: 10/10
  7605 | D:7      | Reached skill level 9 in Unarmed Combat
  7969 | D:8      | Reached skill level 5 in Invocations
  8015 | D:8      | Reached skill level 10 in Unarmed Combat
  8017 | D:8      | Noticed a troll
  8473 | D:8      | Noticed a seven-headed hydra
  8536 | D:8      | Reached ** piety under Makhleb
  8552 | D:8      | Reached XP level 10. HP: 37/86 MP: 4/13
  8928 | D:8      | Found a staircase to the Lair.
  9932 | D:7      | Found Zaheqov's Gadget Shop.
 10220 | D:7      | Found a blossoming altar of Fedhas.
 10223 | D:7      | Found an ornate altar of the Wu Jian Council.
 10224 | D:7      | Found a shattered altar of Ashenzari.
 10233 | D:7      | Found Wabot's Antique Weapon Emporium.
 10484 | D:9      | HP: 3/86 [troll (5)]
 10577 | D:9      | Noticed a two-headed ogre
 10608 | D:9      | Killed a two-headed ogre
 10608 | D:9      | Reached skill level 11 in Unarmed Combat
 11379 | D:9      | Found a staircase to the Orcish Mines.
 11881 | D:10     | Entered Level 10 of the Dungeon
 12022 | D:10     | Noticed Joseph
 12038 | D:10     | Noticed a two-headed ogre
 12047 | D:10     | Killed a two-headed ogre
 12090 | D:10     | Found a blossoming altar of Fedhas.
 12107 | D:10     | Reached XP level 11. HP: 88/95 MP: 15/15
 12176 | D:10     | Reached skill level 12 in Unarmed Combat
 12196 | D:10     | Reached *** piety under Makhleb
 12675 | D:10     | Killed an unseen horror
 12877 | D:11     | Noticed a cyclops
 13069 | D:11     | Found a portal to a secret trove of treasure.
 13110 | D:11     | Noticed a manticore
 13142 | D:11     | Noticed a two-headed ogre
 13153 | D:11     | Killed a two-headed ogre
 13284 | D:11     | Reached **** piety under Makhleb
 13352 | D:11     | Killed a manticore
 13515 | D:11     | Noticed a skeletal warrior
 13541 | D:11     | Noticed a skeletal warrior
 13542 | D:11     | Noticed a skeletal warrior
 13911 | D:11     | Noticed a two-headed ogre
 13934 | D:11     | Killed a two-headed ogre
 13934 | D:11     | Reached skill level 10 in Stealth
 13934 | D:11     | Reached skill level 13 in Unarmed Combat
 14414 | D:12     | Noticed Erolcha
 14994 | D:8      | Killed a seven-headed hydra
 14994 | D:8      | Reached XP level 12. HP: 79/106 MP: 12/17
 15115 | Lair:1   | Entered Level 1 of the Lair of Beasts
 15300 | Lair:1   | Reached skill level 10 in Fighting
 15839 | Lair:1   | Reached ***** piety under Makhleb
 16291 | Lair:2   | Found a hole to the Spider Nest.
 16334 | Lair:2   | Reached skill level 14 in Unarmed Combat
 17344 | Lair:3   | Found a staircase to the Swamp.
 17545 | Lair:3   | Reached XP level 13. HP: 26/115 MP: 3/19
 17547 | Lair:3   | HP: 3/115 [blink frog (7)]
 17547 | Lair:3   | Mangled by a blink frog

Skill      XL: |  1  2  3  4  5  6  7  8  9 10 11 12 |
---------------+-------------------------------------+-----
Stealth        | 1 2 3 4 6 7 8 10 11 | 11.4
Unarmed Combat | 4 5 6 7 8 10 11 13 14 | 14.7
Fighting       | 3 4 5 6 7 8 9 10 | 10.8
Invocations    | 2 3 5 7 8 9 |  9.9
Throwing       | |  1.7
Dodging        | |  2.6

Action                   |  1- 3 |  4- 6 |  7- 9 | 10-12 | 13-15 || total
-------------------------+-------+-------+-------+-------+-------++-------
Melee: Unarmed           |   116 |   184 |   459 |   875 |       ||  1634
       Punch             |     2 |     3 |    11 |    27 |       ||    43
 Fire: Blowgun           |       |       |       |    10 |       ||    10
Throw: Throwing net      |       |       |       |     1 |       ||     1
Invok: Minor Destruction |       |       |       |     6 |       ||     6
Evoke: Wand              |       |       |     4 |    10 |       ||    14
       Lamp of fire      |       |       |       |     1 |       ||     1
  Use: Scroll            |       |     8 |     5 |     9 |     1 ||    23
       Potion            |       |       |     6 |     3 |       ||     9
 Stab: Sleeping          |     1 |     2 |     1 |     4 |       ||     8
  Eat: Chunk             |     9 |    23 |    31 |    26 |       ||    89
       Ration            |       |       |     1 |     1 |       ||     2
Armor: Leather armour    |    22 |    36 |    27 |       |       ||    85
       Chain mail        |       |       |   226 |   449 |     1 ||   676
Dodge: Dodged            |    65 |    87 |   151 |   356 |     3 ||   662
